Canucks vs Bruins
(R1)
Created - April 18, 2018 at 23:14
Goals
|
Canucks |
3 |
0 |
3 |
6 |
Bruins |
0 |
1 |
1 |
2 |
|
Shots
|
Canucks |
7 |
13 |
12 |
32 |
Bruins |
15 |
8 |
16 |
39 |
|
1st period
1. Canucks , Clarke MacArthur 27 (Brad Boyes 51, Ben Lovejoy 29) at 3:46
2. Canucks , Matt Stajan 17 (Jiri Hudler 26) at 10:11
3. Canucks , Nik Antropov 12 (Alex Goligoski 56) at 19:37
Penalties :
Kris Chucko (Bos) for Hooking (Minor) at 7:48, Nathan Horton (Bos) for Holding (Minor) at 10:20, Ben Lovejoy (Van) for Interference (Minor) at 12:57
2nd period
4. Bruins , Wojtek Wolski 39 (Henrik Sedin 44) at 13:42
Penalties :
Cam Fowler (Bos) for Holding (Minor) at 2:49, Cam Fowler (Bos) for Holding (Minor) at 10:02, Shaone Morrisonn (Van) for Tripping (Minor) at 14:46
3rd period
5. Canucks , Maxim Lapierre 12 (Chris Higgins 22, Alex Goligoski 57) at 13:14
6. Canucks , Brad Boyes 56 (Clarke MacArthur 45, Jamie McBain 49) at 13:26
7. Canucks , Martins Karsums 5 (Nik Antropov 21, Alex Goligoski 58) at 15:21 (PP)
8. Bruins , Henrik Sedin 38 (Nathan Horton 30, Wojtek Wolski 53) at 19:52
Penalties :
Nathan Horton (Bos) for Holding (Minor) at 1:42, Brad Boyes (Van) for Roughing (Minor) at 1:49, Nathan Horton (Bos) for Boarding (Minor) at 14:02, Brad Boyes (Van) for Goalie Interference (Minor) at 15:40
Goalie Stats
Michal Neuvirth (Van), 37 saves from 39 shots - (0.949), W, 47-13-6, 60:00 minutes
Kevin Poulin (Bos), 26 saves from 32 shots - (0.813), L, 22-25-6, 60:00 minutes
Players Stats for Canucks
Player Name G A P +/- PIM S H SB GA TA FO MP PP MP PK MP
------------------------------------------------------------------------------------
Alex Goligoski 0 3 3 3 0 2 3 1 0 0 0/0 29:50 6:49 2:04
Ben Lovejoy 0 1 1 1 2 3 2 3 0 2 0/0 20:28 2:33 2:36
Brad Boyes 1 1 2 2 4 5 1 0 1 0 2/3 25:25 5:07 2:11
Chris Higgins 0 1 1 0 0 5 1 1 0 0 1/3 19:30 3:47 2:18
Clarke MacArthur 1 1 2 1 0 5 1 0 0 1 0/2 24:10 5:27 2:18
Danny DeKeiser 0 0 0 -1 0 0 1 0 0 0 0/0 16:41 6:49 0:00
Darren Helm 0 0 0 1 0 0 0 0 0 0 1/1 5:00 0:00 0:45
Jamie McBain 0 1 1 3 0 1 3 0 0 1 0/0 25:24 2:33 2:07
Jiri Hudler 0 1 1 0 0 1 1 0 0 0 2/2 12:29 0:06 0:00
Martins Karsums 1 0 1 0 0 1 0 0 0 0 0/0 4:01 3:47 0:00
Matt Stajan 1 0 1 0 0 1 2 1 0 0 4/9 14:00 0:29 0:00
Maxim Lapierre 1 0 1 1 0 1 1 0 1 0 2/7 10:53 0:00 0:00
Mike Ribeiro 0 0 0 1 0 1 0 0 0 1 20/41 24:48 5:18 3:33
Nik Antropov 1 1 2 1 0 2 0 1 0 0 1/3 8:14 3:47 0:51
Peter Prucha 0 0 0 1 0 2 1 0 0 0 0/0 10:53 0:00 0:00
Ryan Hollweg 0 0 0 1 0 1 0 0 0 0 0/0 12:09 0:17 0:12
Sami Lepisto 0 0 0 1 0 1 0 0 1 0 0/0 16:15 0:00 2:30
Shaone Morrisonn 0 0 0 -1 2 0 0 1 1 1 0/0 11:50 0:00 2:51
Players Stats for Bruins
Player Name G A P +/- PIM S H SB GA TA FO MP PP MP PK MP
------------------------------------------------------------------------------------
Andrew Alberts 0 0 0 1 0 1 0 0 2 1 0/0 20:50 2:42 3:56
Cam Fowler 0 0 0 1 4 0 0 0 0 0 0/0 13:34 0:00 0:00
Dave Bolland 0 0 0 -2 0 2 1 1 0 0 7/14 15:57 2:50 0:23
Henrik Sedin 1 1 2 1 0 6 0 0 0 0 20/40 23:49 3:14 4:50
Jason Demers 0 0 0 -3 0 1 4 0 0 0 0/0 29:24 3:22 5:26
Kevin Bieksa 0 0 0 -1 0 0 0 0 0 0 0/0 12:48 3:15 0:00
Kris Chucko 0 0 0 -1 2 2 1 0 0 0 1/1 11:30 0:00 0:58
Mike Fisher 0 0 0 -1 0 2 0 0 1 1 3/5 10:01 0:00 0:00
Nate Prosser 0 0 0 -1 0 0 2 1 0 1 0/0 13:59 0:17 3:56
Nathan Horton 0 1 1 1 6 2 4 0 0 0 1/2 20:01 3:14 2:04
Nick Foligno 0 0 0 -1 0 1 1 0 0 0 0/0 5:31 0:00 0:09
Nikolai Zherdev 0 0 0 -1 0 1 0 1 0 0 0/0 7:30 0:00 2:08
Rene Bourque 0 0 0 -1 0 2 0 0 0 0 0/1 10:01 0:00 0:00
Shane O'Brien 0 0 0 -3 0 3 2 2 1 1 0/0 29:30 2:32 5:26
Victor Oreskovich 0 0 0 -2 0 8 2 0 0 0 4/4 19:09 2:50 3:15
Viktor Stalberg 0 0 0 -2 0 3 2 0 1 0 1/1 15:55 2:50 0:00
Wojtek Wolski 1 1 2 1 0 3 0 0 0 0 1/2 23:49 3:14 4:57
Zack Hamill 0 0 0 -1 0 2 0 0 1 0 0/1 5:22 0:00 0:00
3 Stars
1 - Alex Goligoski (Van)
2 - Michal Neuvirth (Van)
3 - Clarke MacArthur (Van)
Power Play
Canucks - 1 on 6 Attempt(s) - 16.67%
Bruins - 0 on 4 Attempt(s) - 0.00%
Penalty Kill
Canucks - 4 on 4 Attempt(s) - 100.00%
- Score 0 goal in Penalty Kill
Bruins - 5 on 6 Attempt(s) - 83.33%
- Score 0 goal in Penalty Kill
Team Stat
Canucks - Hits : 17 - Faceoff Wins : 33 - Blocked Shots : 8 - Penalty Minutes : 8
Bruins - Hits : 19 - Faceoff Wins : 38 - Blocked Shots : 5 - Penalty Minutes : 12
Official
Referees : Pochmara Brian and Sutherland Kelly
Linesman : Shane Heyer and Lonnie Cameron
Game Notes
No Game Note
Finance
Level 1 -- Attendance: 3607 (60.12%) -- Ticket Income $375,128
Level 2 -- Attendance: 3446 (68.92%) -- Ticket Income $220,544
Level 3 -- Attendance: 1788 (89.40%) -- Ticket Income $60,792
Level 4 -- Attendance: 3654 (91.35%) -- Ticket Income $87,696
Luxury Box -- Attendance: 700 (70.00%) -- Ticket Income $135,800
Game was played at the TD Banknorth Garden.
Total Attendance: 13195 (73.31%)
Total Ticket Income: $879,960
Other Income: $131,994
Total Income: $1,011,954
Canucks
5 vs 5 Forward
Center Left Wing Right Wing Time % Phy DF OF
1 Mike Ribeiro Clarke MacArthur Brad Boyes 60 0 0 5
2 Matt Stajan Chris Higgins Jiri Hudler 22 0 0 5
3 Maxim Lapierre Ryan Hollweg Peter Prucha 14 0 2 3
4 Nik Antropov Darren Helm Brad Boyes 4 0 3 2
5 vs 5 Defense
Defense Defense Time % Phy DF OF
1 Jamie McBain Alex Goligoski 62 0 0 5
2 Ben Lovejoy Sami Lepisto 20 0 0 5
3 Shaone Morrisonn Danny DeKeiser 12 0 3 2
4 Alex Goligoski Danny DeKeiser 6 0 0 5
PowerPlay Forward
Center Left Wing Right Wing Time % Phy DF OF
1 Mike Ribeiro Clarke MacArthur Brad Boyes 80 0 0 5
2 Nik Antropov Chris Higgins Martins Karsums 20 0 0 5
PowerPlay Defense
Defense Defense Time % Phy DF OF
1 Danny DeKeiser Alex Goligoski 80 0 0 5
2 Ben Lovejoy Jamie McBain 20 0 0 5
Penalty Kill 4 Players Forward
Center Wing Time % Phy DF OF
1 Mike Ribeiro Brad Boyes 60 1 2 2
2 Clarke MacArthur Nik Antropov 40 1 2 2
Penalty Kill 4 Players Defense
Defense Defense Time % Phy DF OF
1 Shaone Morrisonn Ben Lovejoy 60 1 2 2
2 Jamie McBain Alex Goligoski 40 1 2 2
Penalty Kill - 3 Players Forward
Forward Time % Phy DF OF
1 Mike Ribeiro 60 1 2 2
2 Brad Boyes 40 1 2 2
Penalty Kill - 3 Players Defense
Defense Defense Time % Phy DF OF
1 Alex Goligoski Shaone Morrisonn 60 1 2 2
2 Jamie McBain Alex Goligoski 40 1 2 2
4 vs 4 Forward
Center Wing Time % Phy DF OF
1 Mike Ribeiro Brad Boyes 60 0 0 5
2 Clarke MacArthur Nik Antropov 40 1 2 2
4 vs 4 Defense
Defense Defense Time % Phy DF OF
1 Jamie McBain Alex Goligoski 60 0 0 5
2 Ben Lovejoy Alex Goligoski 40 1 2 2
Last Minutes Offensive
Center Left Wing Right Wing Defense Defense
Mike Ribeiro Clarke MacArthur Brad Boyes Alex Goligoski Jamie McBain
Last Minutes Defensive
Center Left Wing Right Wing Defense Defense
Mike Ribeiro Clarke MacArthur Brad Boyes Shaone Morrisonn Alex Goligoski
Goaltenders
Starting : Michal Neuvirth
Backup : Karri Ramo
Extra Forwards
Normal : Matt Stajan, Ryan Hollweg, Clarke MacArthur - PP : Matt Stajan, Ryan Hollweg - PK : Chris Higgins
Extra Defensemen
Normal : Ben Lovejoy, Sami Lepisto, Jamie McBain - PP : Shaone Morrisonn - PK : Sami Lepisto, Jamie McBain
Penalty Shots
Mike Ribeiro, Brad Boyes, Clarke MacArthur, Nik Antropov, Jiri Hudler
Scratches
Jordan LaVallee (Healthy), Stefan Ruzicka (Healthy)
Bruins
5 vs 5 Forward
Center Left Wing Right Wing Time % Phy DF OF
1 Henrik Sedin Wojtek Wolski Nathan Horton 40 1 2 2
2 Dave Bolland Viktor Stalberg Victor Oreskovich 30 1 2 2
3 Mike Fisher Kris Chucko Rene Bourque 20 1 2 2
4 Zack Hamill Nick Foligno Nikolai Zherdev 10 1 2 2
5 vs 5 Defense
Defense Defense Time % Phy DF OF
1 Jason Demers Shane O'Brien 40 1 2 2
2 Andrew Alberts Cam Fowler 30 1 2 2
3 Nate Prosser Kevin Bieksa 20 1 2 2
4 Jason Demers Shane O'Brien 10 1 2 2
PowerPlay Forward
Center Left Wing Right Wing Time % Phy DF OF
1 Henrik Sedin Wojtek Wolski Nathan Horton 60 1 2 2
2 Dave Bolland Viktor Stalberg Victor Oreskovich 40 1 2 2
PowerPlay Defense
Defense Defense Time % Phy DF OF
1 Jason Demers Kevin Bieksa 60 1 2 2
2 Andrew Alberts Shane O'Brien 40 1 2 2
Penalty Kill 4 Players Forward
Center Wing Time % Phy DF OF
1 Henrik Sedin Wojtek Wolski 60 1 2 2
2 Nathan Horton Victor Oreskovich 40 1 2 2
Penalty Kill 4 Players Defense
Defense Defense Time % Phy DF OF
1 Jason Demers Shane O'Brien 60 1 2 2
2 Andrew Alberts Nate Prosser 40 1 2 2
Penalty Kill - 3 Players Forward
Forward Time % Phy DF OF
1 Wojtek Wolski 60 1 2 2
2 Henrik Sedin 40 1 2 2
Penalty Kill - 3 Players Defense
Defense Defense Time % Phy DF OF
1 Jason Demers Shane O'Brien 60 1 2 2
2 Andrew Alberts Nate Prosser 40 1 2 2
4 vs 4 Forward
Center Wing Time % Phy DF OF
1 Henrik Sedin Wojtek Wolski 60 1 2 2
2 Nathan Horton Victor Oreskovich 40 1 2 2
4 vs 4 Defense
Defense Defense Time % Phy DF OF
1 Jason Demers Shane O'Brien 60 1 2 2
2 Andrew Alberts Cam Fowler 40 1 2 2
Last Minutes Offensive
Center Left Wing Right Wing Defense Defense
Henrik Sedin Wojtek Wolski Nathan Horton Jason Demers Kevin Bieksa
Last Minutes Defensive
Center Left Wing Right Wing Defense Defense
Henrik Sedin Wojtek Wolski Nathan Horton Jason Demers Shane O'Brien
Goaltenders
Starting : Kevin Poulin
Backup : Craig Anderson
Extra Forwards
Normal : Viktor Stalberg, Wojtek Wolski, Nathan Horton - PP : Rene Bourque, Dave Bolland - PK : Nikolai Zherdev
Extra Defensemen
Normal : Nate Prosser, Cam Fowler, Andrew Alberts - PP : Nate Prosser - PK : Cam Fowler, Andrew Alberts
Penalty Shots
Nathan Horton, Viktor Stalberg, Wojtek Wolski, Nikolai Zherdev, Rene Bourque
Scratches
None
% Time on Ice - Canucks
Lines # - Real PCT - Wanted PCT - Time Play
Normal Forward
1 - 38% - 60% - 16:15
2 - 29% - 22% - 12:12
3 - 25% - 14% - 10:53
4 - 8% - 4% - 3:22
Normal Defense
1 - 50% - 62% - 21:18
2 - 30% - 20% - 12:44
3 - 19% - 12% - 8:02
4 - 1% - 6% - 0:38
PP Forward
1 - 60% - 80% - 5:35
2 - 40% - 20% - 3:47
PP Defense
1 - 73% - 80% - 6:49
2 - 27% - 20% - 2:33
PK Forward
1 - 86% - 60% - 5:13
2 - 14% - 40% - 0:51
PK Defense
1 - 71% - 60% - 4:18
2 - 29% - 40% - 1:46
PK3 Forward
1 - 0% - 60%
2 - 0% - 40%
PK3 Defense
1 - 0% - 60%
2 - 0% - 40%
44 Forward
1 - 100% - 60% - 1:52
2 - 0% - 40% - 0:00
44 Defense
1 - 62% - 60% - 1:09
2 - 38% - 40% - 0:43
Last Minute Offensive - 0:00
Last Minute Defensive - 0:00
Total
Forward - 60:00
Defense - 60:00
|
% Time on Ice - Bruins
Lines # - Real PCT - Wanted PCT - Time Play
Normal Forward
1 - 35% - 40% - 14:48
2 - 29% - 30% - 12:31
3 - 23% - 20% - 10:01
4 - 13% - 10% - 5:22
Normal Defense
1 - 43% - 40% - 18:10
2 - 33% - 30% - 14:01
3 - 21% - 20% - 9:05
4 - 3% - 10% - 1:26
PP Forward
1 - 53% - 60% - 3:14
2 - 47% - 40% - 2:50
PP Defense
1 - 55% - 60% - 3:22
2 - 45% - 40% - 2:42
PK Forward
1 - 65% - 60% - 6:07
2 - 35% - 40% - 3:15
PK Defense
1 - 58% - 60% - 5:26
2 - 42% - 40% - 3:56
PK3 Forward
1 - 0% - 60%
2 - 0% - 40%
PK3 Defense
1 - 0% - 60%
2 - 0% - 40%
44 Forward
1 - 71% - 60% - 1:19
2 - 29% - 40% - 0:33
44 Defense
1 - 54% - 60% - 1:00
2 - 46% - 40% - 0:52
Last Minute Offensive - 0:00
Last Minute Defensive - 0:00
Total
Forward - 60:00
Defense - 60:00
|
Play by Play
1st period
0:01 of 1st period - Henrik Sedin wins face-off versus Mike Ribeiro in neutral zone.
0:09 of 1st period - Snap shot by Henrik Sedin.
0:09 of 1st period - Shot Misses the Net.
0:50 of 1st period - Snap shot by Kris Chucko.
0:50 of 1st period - Stopped by Michal Neuvirth without a rebound.
0:51 of 1st period - Mike Ribeiro wins face-off versus Mike Fisher in Canucks zone.
0:58 of 1st period - Cam Fowler is hit by Alex Goligoski.
1:45 of 1st period - Snap shot by Wojtek Wolski.
1:45 of 1st period - Deflect By Henrik Sedin.
1:45 of 1st period - Shot Misses the Net.
1:45 of 1st period - Puck is out of play.
1:46 of 1st period - Mike Ribeiro wins face-off versus Dave Bolland in Canucks zone.
2:01 of 1st period - Slapshot by Clarke MacArthur.
2:01 of 1st period - Shot Misses the Net.
2:20 of 1st period - Wrist shot by Wojtek Wolski.
2:20 of 1st period - Shot Blocked by Chris Higgins.
2:41 of 1st period - Off-side.
2:42 of 1st period - Mike Ribeiro wins face-off versus Dave Bolland in neutral zone.
2:49 of 1st period - Slapshot by Clarke MacArthur.
2:49 of 1st period - Stopped by Kevin Poulin without a rebound.
2:50 of 1st period - Victor Oreskovich wins face-off versus Mike Ribeiro in Bruins zone.
3:06 of 1st period - Wrist shot by Clarke MacArthur.
3:06 of 1st period - Stopped by Kevin Poulin with a rebound.
3:08 of 1st period - Slapshot by Brad Boyes.
3:08 of 1st period - Shot Misses the Net.
3:10 of 1st period - Slapshot by Brad Boyes.
3:10 of 1st period - Shot Blocked by Dave Bolland.
3:32 of 1st period - Snap shot by Brad Boyes.
3:32 of 1st period - Shot Misses the Net.
3:34 of 1st period - Wrist shot by Ben Lovejoy.
3:34 of 1st period - Shot Misses the Net.
3:46 of 1st period - Snap shot by Brad Boyes.
3:46 of 1st period - Deflect By Clarke MacArthur.
3:46 of 1st period - Goal by Clarke MacArthur - Canucks : 1 - Bruins : 0.
3:47 of 1st period - Henrik Sedin wins face-off versus Maxim Lapierre in neutral zone.
3:54 of 1st period - Backhand shot by Henrik Sedin.
3:54 of 1st period - Stopped by Michal Neuvirth with a rebound.
3:56 of 1st period - Wrist shot by Nathan Horton.
3:56 of 1st period - Stopped by Michal Neuvirth with a rebound.
3:58 of 1st period - Slapshot by Wojtek Wolski.
3:58 of 1st period - Stopped by Michal Neuvirth without a rebound.
3:59 of 1st period - Jiri Hudler wins face-off versus Henrik Sedin in Canucks zone.
3:59 of 1st period - Jiri Hudler is hit by Jason Demers.
4:04 of 1st period - Alex Goligoski is hit by Shane O'Brien and loses puck.
5:01 of 1st period - Maxim Lapierre is hit by Nate Prosser and loses puck.
5:14 of 1st period - Nathan Horton is hit by Alex Goligoski and loses puck.
5:43 of 1st period - Snap shot by Victor Oreskovich.
5:43 of 1st period - Stopped by Michal Neuvirth with a rebound.
5:53 of 1st period - Wrist shot by Zack Hamill.
5:53 of 1st period - Shot Misses the Net.
5:55 of 1st period - Slapshot by Jason Demers.
5:55 of 1st period - Shot Blocked by Ben Lovejoy.
5:57 of 1st period - Slapshot by Nick Foligno.
5:57 of 1st period - Stopped by Michal Neuvirth without a rebound.
5:58 of 1st period - Brad Boyes wins face-off versus Henrik Sedin in Canucks zone.
7:21 of 1st period - Snap shot by Chris Higgins.
7:21 of 1st period - Stopped by Kevin Poulin with a rebound.
7:48 of 1st period - Minor Penalty to Kris Chucko for Hooking.
7:49 of 1st period - Mike Ribeiro wins face-off versus Henrik Sedin in Bruins zone.
9:30 of 1st period - Icing by Alex Goligoski.
9:31 of 1st period - Nathan Horton wins face-off versus Mike Ribeiro in Canucks zone.
9:48 of 1st period - Penalty to Kris Chucko is over, Kris Chucko is back on ice.
9:50 of 1st period - Snap shot by Nathan Horton.
9:50 of 1st period - Deflect By Victor Oreskovich.
9:50 of 1st period - Stopped by Michal Neuvirth without a rebound.
9:51 of 1st period - Matt Stajan wins face-off versus Rene Bourque in Canucks zone.
10:03 of 1st period - Icing by Mike Fisher.
10:04 of 1st period - Kris Chucko wins face-off versus Chris Higgins in Bruins zone.
10:11 of 1st period - Snap shot by Matt Stajan.
10:11 of 1st period - Goal by Matt Stajan - Canucks : 2 - Bruins : 0.
10:12 of 1st period - Henrik Sedin wins face-off versus Mike Ribeiro in neutral zone.
10:20 of 1st period - Minor Penalty to Nathan Horton for Holding.
10:21 of 1st period - Mike Ribeiro wins face-off versus Henrik Sedin in Bruins zone.
10:30 of 1st period - Snap shot by Brad Boyes.
10:30 of 1st period - Shot Misses the Net.
11:45 of 1st period - Alex Goligoski is hit by Nate Prosser and loses puck.
12:20 of 1st period - Penalty to Nathan Horton is over, Nathan Horton is back on ice.
12:26 of 1st period - Wrist shot by Jiri Hudler.
12:26 of 1st period - Shot Misses the Net.
12:28 of 1st period - Slapshot by Matt Stajan.
12:28 of 1st period - Shot Misses the Net.
12:46 of 1st period - Snap shot by Mike Fisher.
12:46 of 1st period - Deflect By Ben Lovejoy.
12:46 of 1st period - Stopped by Michal Neuvirth without a rebound.
12:47 of 1st period - Viktor Stalberg wins face-off versus Matt Stajan in Canucks zone.
12:57 of 1st period - Minor Penalty to Ben Lovejoy for Interference.
12:58 of 1st period - Mike Ribeiro wins face-off versus Henrik Sedin in Canucks zone.
13:29 of 1st period - Wrist shot by Jason Demers.
13:29 of 1st period - Deflect By Victor Oreskovich.
13:29 of 1st period - Deflect By Shaone Morrisonn.
13:29 of 1st period - Stopped by Michal Neuvirth without a rebound.
13:30 of 1st period - Henrik Sedin wins face-off versus Mike Ribeiro in Canucks zone.
14:07 of 1st period - Slapshot by Victor Oreskovich.
14:07 of 1st period - Stopped by Michal Neuvirth with a rebound.
14:09 of 1st period - Slapshot by Shane O'Brien.
14:09 of 1st period - Shot Misses the Net.
14:57 of 1st period - Penalty to Ben Lovejoy is over, Ben Lovejoy is back on ice.
15:16 of 1st period - Mike Fisher is hit by Maxim Lapierre and loses puck.
15:39 of 1st period - Wrist shot by Nikolai Zherdev.
15:39 of 1st period - Shot Misses the Net.
15:41 of 1st period - Snap shot by Nikolai Zherdev.
15:41 of 1st period - Deflect By Zack Hamill.
15:41 of 1st period - Stopped by Michal Neuvirth without a rebound.
15:42 of 1st period - Nik Antropov wins face-off versus Henrik Sedin in Canucks zone.
15:47 of 1st period - Snap shot by Wojtek Wolski.
15:47 of 1st period - Shot Blocked by Ben Lovejoy.
15:49 of 1st period - Wrist shot by Henrik Sedin.
15:49 of 1st period - Stopped by Michal Neuvirth with a rebound.
15:51 of 1st period - Slapshot by Shane O'Brien.
15:51 of 1st period - Deflect By Ben Lovejoy.
15:51 of 1st period - Stopped by Michal Neuvirth with a rebound.
16:17 of 1st period - Slapshot by Ben Lovejoy.
16:17 of 1st period - Stopped by Kevin Poulin without a rebound.
16:18 of 1st period - Henrik Sedin wins face-off versus Clarke MacArthur in Bruins zone.
16:31 of 1st period - Snap shot by Henrik Sedin.
16:31 of 1st period - Stopped by Michal Neuvirth with a rebound.
16:43 of 1st period - Shane O'Brien is hit by Jiri Hudler and loses puck.
17:26 of 1st period - Wrist shot by Nikolai Zherdev.
17:26 of 1st period - Shot Misses the Net.
17:46 of 1st period - Wrist shot by Henrik Sedin.
17:46 of 1st period - Shot Misses the Net.
17:48 of 1st period - Slapshot by Andrew Alberts.
17:48 of 1st period - Shot Blocked by Shaone Morrisonn.
18:18 of 1st period - Mike Ribeiro is hit by Jason Demers and loses puck.
19:37 of 1st period - Slapshot by Nik Antropov.
19:37 of 1st period - Goal by Nik Antropov - Canucks : 3 - Bruins : 0.
19:38 of 1st period - Wojtek Wolski wins face-off versus Mike Ribeiro in neutral zone.
19:41 of 1st period - Slapshot by Henrik Sedin.
19:41 of 1st period - Stopped by Michal Neuvirth with a rebound.
Goals for this period are 3 for Canucks vs 0 for Bruins.
Shots for this period are 7 for Canucks vs 15 for Bruins.
2nd period
0:01 of 2nd period - Henrik Sedin wins face-off versus Brad Boyes in neutral zone.
0:31 of 2nd period - Jiri Hudler is hit by Viktor Stalberg and loses puck.
0:54 of 2nd period - Wrist shot by Zack Hamill.
0:54 of 2nd period - Stopped by Michal Neuvirth with a rebound.
1:08 of 2nd period - Snap shot by Clarke MacArthur.
1:08 of 2nd period - Shot Misses the Net.
1:10 of 2nd period - Wrist shot by Brad Boyes.
1:10 of 2nd period - Stopped by Kevin Poulin without a rebound.
1:11 of 2nd period - Mike Fisher wins face-off versus Clarke MacArthur in Bruins zone.
1:35 of 2nd period - Shane O'Brien is hit by Matt Stajan and loses puck.
2:44 of 2nd period - Wrist shot by Chris Higgins.
2:44 of 2nd period - Stopped by Kevin Poulin with a rebound.
2:46 of 2nd period - Slapshot by Sami Lepisto.
2:46 of 2nd period - Stopped by Kevin Poulin without a rebound.
2:47 of 2nd period - Henrik Sedin wins face-off versus Mike Ribeiro in Bruins zone.
2:49 of 2nd period - Minor Penalty to Cam Fowler for Holding.
2:50 of 2nd period - Mike Ribeiro wins face-off versus Henrik Sedin in Bruins zone.
2:50 of 2nd period - Wrist shot by Brad Boyes.
2:50 of 2nd period - Shot Blocked by Nate Prosser.
3:12 of 2nd period - Henrik Sedin is hit by Brad Boyes and loses puck.
3:51 of 2nd period - Slapshot by Alex Goligoski.
3:51 of 2nd period - Shot Misses the Net.
4:07 of 2nd period - Snap shot by Brad Boyes.
4:07 of 2nd period - Shot Misses the Net.
4:25 of 2nd period - Slapshot by Alex Goligoski.
4:25 of 2nd period - Stopped by Kevin Poulin without a rebound.
4:26 of 2nd period - Henrik Sedin wins face-off versus Nik Antropov in Bruins zone.
4:39 of 2nd period - Slapshot by Jamie McBain.
4:39 of 2nd period - Shot Blocked by Shane O'Brien.
4:45 of 2nd period - Nathan Horton is hit by Ben Lovejoy and loses puck.
4:49 of 2nd period - Penalty to Cam Fowler is over, Cam Fowler is back on ice.
5:00 of 2nd period - Snap shot by Jamie McBain.
5:00 of 2nd period - Stopped by Kevin Poulin with a rebound.
5:02 of 2nd period - Slapshot by Ben Lovejoy.
5:02 of 2nd period - Stopped by Kevin Poulin without a rebound.
5:03 of 2nd period - Maxim Lapierre wins face-off versus Dave Bolland in Bruins zone.
5:22 of 2nd period - Peter Prucha is hit by Dave Bolland and loses puck.
5:33 of 2nd period - Wojtek Wolski is hit by Jamie McBain and loses puck.
5:54 of 2nd period - Slapshot by Alex Goligoski.
5:54 of 2nd period - Deflect By Jiri Hudler.
5:54 of 2nd period - Stopped by Kevin Poulin with a rebound.
6:22 of 2nd period - Slapshot by Dave Bolland.
6:22 of 2nd period - Shot Blocked by Ben Lovejoy.
7:04 of 2nd period - Wrist shot by Jason Demers.
7:04 of 2nd period - Stopped by Michal Neuvirth with a rebound.
7:06 of 2nd period - Wrist shot by Kris Chucko.
7:06 of 2nd period - Shot Misses the Net.
7:08 of 2nd period - Snap shot by Kris Chucko.
7:08 of 2nd period - Stopped by Michal Neuvirth with a rebound.
7:10 of 2nd period - Wrist shot by Kris Chucko.
7:10 of 2nd period - Deflect By Rene Bourque.
7:10 of 2nd period - Shot Hit the Post.
7:10 of 2nd period - Puck is out of play.
7:11 of 2nd period - Dave Bolland wins face-off versus Maxim Lapierre in Canucks zone.
7:12 of 2nd period - Snap shot by Victor Oreskovich.
7:12 of 2nd period - Shot Misses the Net.
7:14 of 2nd period - Wrist shot by Victor Oreskovich.
7:14 of 2nd period - Stopped by Michal Neuvirth without a rebound.
7:15 of 2nd period - Mike Ribeiro wins face-off versus Dave Bolland in Canucks zone.
7:15 of 2nd period - Mike Ribeiro is hit by Victor Oreskovich.
7:27 of 2nd period - Off-side.
7:28 of 2nd period - Brad Boyes wins face-off versus Henrik Sedin in neutral zone.
7:54 of 2nd period - Andrew Alberts is hit by Chris Higgins and loses puck.
8:19 of 2nd period - Snap shot by Peter Prucha.
8:19 of 2nd period - Stopped by Kevin Poulin with a rebound.
8:22 of 2nd period - Icing by Mike Fisher.
8:23 of 2nd period - Mike Fisher wins face-off versus Mike Ribeiro in Bruins zone.
8:29 of 2nd period - Icing by Danny DeKeiser.
8:30 of 2nd period - Mike Ribeiro wins face-off versus Henrik Sedin in Canucks zone.
8:39 of 2nd period - Off-side.
8:40 of 2nd period - Mike Ribeiro wins face-off versus Henrik Sedin in neutral zone.
8:47 of 2nd period - Wrist shot by Brad Boyes.
8:47 of 2nd period - Stopped by Kevin Poulin without a rebound.
8:48 of 2nd period - Henrik Sedin wins face-off versus Mike Ribeiro in Bruins zone.
9:13 of 2nd period - Jamie McBain is hit by Victor Oreskovich and loses puck.
10:02 of 2nd period - Minor Penalty to Cam Fowler for Holding.
10:03 of 2nd period - Henrik Sedin wins face-off versus Mike Ribeiro in Bruins zone.
10:29 of 2nd period - Wojtek Wolski is hit by Danny DeKeiser and loses puck.
10:44 of 2nd period - Nathan Horton is hit by Ben Lovejoy and loses puck.
12:02 of 2nd period - Penalty to Cam Fowler is over, Cam Fowler is back on ice.
12:13 of 2nd period - Wrist shot by Victor Oreskovich.
12:13 of 2nd period - Stopped by Michal Neuvirth without a rebound.
12:14 of 2nd period - Dave Bolland wins face-off versus Maxim Lapierre in Canucks zone.
12:35 of 2nd period - Dave Bolland is hit by Peter Prucha and loses puck.
12:56 of 2nd period - Ben Lovejoy is hit by Viktor Stalberg and loses puck.
13:07 of 2nd period - Wrist shot by Sami Lepisto.
13:07 of 2nd period - Deflect By Ryan Hollweg.
13:07 of 2nd period - Stopped by Kevin Poulin without a rebound.
13:08 of 2nd period - Henrik Sedin wins face-off versus Mike Ribeiro in Bruins zone.
13:40 of 2nd period - Snap shot by Shane O'Brien.
13:40 of 2nd period - Stopped by Michal Neuvirth without a rebound.
13:41 of 2nd period - Henrik Sedin wins face-off versus Mike Ribeiro in Canucks zone.
13:42 of 2nd period - Wrist shot by Wojtek Wolski.
13:42 of 2nd period - Goal by Wojtek Wolski - Canucks : 3 - Bruins : 1.
13:43 of 2nd period - Mike Ribeiro wins face-off versus Wojtek Wolski in neutral zone.
13:48 of 2nd period - Wojtek Wolski is hit by Alex Goligoski and loses puck.
14:46 of 2nd period - Minor Penalty to Shaone Morrisonn for Tripping.
14:47 of 2nd period - Mike Ribeiro wins face-off versus Henrik Sedin in Canucks zone.
14:58 of 2nd period - Ben Lovejoy is hit by Nathan Horton and loses puck.
16:46 of 2nd period - Penalty to Shaone Morrisonn is over, Shaone Morrisonn is back on ice.
16:58 of 2nd period - Wrist shot by Chris Higgins.
16:58 of 2nd period - Stopped by Kevin Poulin with a rebound.
17:16 of 2nd period - Snap shot by Peter Prucha.
17:16 of 2nd period - Stopped by Kevin Poulin with a rebound.
17:18 of 2nd period - Slapshot by Ben Lovejoy.
17:18 of 2nd period - Stopped by Kevin Poulin with a rebound.
17:20 of 2nd period - Wrist shot by Peter Prucha.
17:20 of 2nd period - Shot Misses the Net.
17:22 of 2nd period - Wrist shot by Maxim Lapierre.
17:22 of 2nd period - Shot Blocked by Nikolai Zherdev.
17:24 of 2nd period - Slapshot by Alex Goligoski.
17:24 of 2nd period - Shot Misses the Net.
18:01 of 2nd period - Maxim Lapierre is hit by Jason Demers and loses puck.
19:26 of 2nd period - Jamie McBain is hit by Kris Chucko and loses puck.
19:35 of 2nd period - Slapshot by Rene Bourque.
19:35 of 2nd period - Stopped by Michal Neuvirth without a rebound.
19:36 of 2nd period - Henrik Sedin wins face-off versus Matt Stajan in Canucks zone.
Goals for this period are 0 for Canucks vs 1 for Bruins.
Shots for this period are 13 for Canucks vs 8 for Bruins.
3rd period
0:01 of 3rd period - Mike Ribeiro wins face-off versus Henrik Sedin in neutral zone.
0:15 of 3rd period - Snap shot by Wojtek Wolski.
0:15 of 3rd period - Deflect By Henrik Sedin.
0:15 of 3rd period - Stopped by Michal Neuvirth without a rebound.
0:16 of 3rd period - Dave Bolland wins face-off versus Mike Ribeiro in Canucks zone.
0:33 of 3rd period - Slapshot by Victor Oreskovich.
0:33 of 3rd period - Stopped by Michal Neuvirth without a rebound.
0:34 of 3rd period - Henrik Sedin wins face-off versus Matt Stajan in Canucks zone.
0:39 of 3rd period - Snap shot by Nathan Horton.
0:39 of 3rd period - Stopped by Michal Neuvirth with a rebound.
0:41 of 3rd period - Snap shot by Wojtek Wolski.
0:41 of 3rd period - Shot Misses the Net.
1:01 of 3rd period - Andrew Alberts is hit by Jamie McBain and loses puck.
1:42 of 3rd period - Minor Penalty to Nathan Horton for Holding.
1:43 of 3rd period - Henrik Sedin wins face-off versus Mike Ribeiro in Bruins zone.
1:49 of 3rd period - Minor Penalty to Brad Boyes for Roughing.
1:50 of 3rd period - Mike Ribeiro wins face-off versus Henrik Sedin in Canucks zone.
2:16 of 3rd period - Jason Demers is hit by Jamie McBain and loses puck.
3:33 of 3rd period - Clarke MacArthur is hit by Shane O'Brien and loses puck.
3:42 of 3rd period - Penalty to Nathan Horton is over, Nathan Horton is back on ice.
3:49 of 3rd period - Penalty to Brad Boyes is over, Brad Boyes is back on ice.
4:01 of 3rd period - Off-side.
4:02 of 3rd period - Maxim Lapierre wins face-off versus Zack Hamill in neutral zone.
4:51 of 3rd period - Snap shot by Rene Bourque.
4:51 of 3rd period - Stopped by Michal Neuvirth without a rebound.
4:52 of 3rd period - Henrik Sedin wins face-off versus Mike Ribeiro in Canucks zone.
5:09 of 3rd period - Alex Goligoski is hit by Jason Demers and loses puck.
5:26 of 3rd period - Slapshot by Nathan Horton.
5:26 of 3rd period - Shot Misses the Net.
5:28 of 3rd period - Wrist shot by Henrik Sedin.
5:28 of 3rd period - Shot Misses the Net.
5:47 of 3rd period - Wojtek Wolski is hit by Clarke MacArthur and loses puck.
6:02 of 3rd period - Wrist shot by Brad Boyes.
6:02 of 3rd period - Deflect By Shane O'Brien.
6:02 of 3rd period - Shot Blocked by Shane O'Brien.
6:02 of 3rd period - Puck is out of play.
6:03 of 3rd period - Matt Stajan wins face-off versus Dave Bolland in Bruins zone.
6:13 of 3rd period - Icing by Andrew Alberts.
6:14 of 3rd period - Victor Oreskovich wins face-off versus Matt Stajan in Bruins zone.
6:45 of 3rd period - Wrist shot by Mike Fisher.
6:45 of 3rd period - Stopped by Michal Neuvirth without a rebound.
6:46 of 3rd period - Mike Fisher wins face-off versus Maxim Lapierre in Canucks zone.
7:11 of 3rd period - Rene Bourque is hit by Matt Stajan and loses puck.
8:17 of 3rd period - Wrist shot by Brad Boyes.
8:17 of 3rd period - Stopped by Kevin Poulin with a rebound.
8:19 of 3rd period - Slapshot by Shaone Morrisonn.
8:19 of 3rd period - Deflect By Nik Antropov.
8:19 of 3rd period - Stopped by Kevin Poulin without a rebound.
8:20 of 3rd period - Henrik Sedin wins face-off versus Nik Antropov in Bruins zone.
8:58 of 3rd period - Wrist shot by Zack Hamill.
8:58 of 3rd period - Shot Blocked by Matt Stajan.
10:02 of 3rd period - Backhand shot by Zack Hamill.
10:02 of 3rd period - Shot Blocked by Nik Antropov.
10:29 of 3rd period - Snap shot by Dave Bolland.
10:29 of 3rd period - Stopped by Michal Neuvirth without a rebound.
10:30 of 3rd period - Henrik Sedin wins face-off versus Mike Ribeiro in Canucks zone.
10:31 of 3rd period - Slapshot by Wojtek Wolski.
10:31 of 3rd period - Shot Misses the Net.
11:59 of 3rd period - Snap shot by Mike Ribeiro.
11:59 of 3rd period - Stopped by Kevin Poulin without a rebound.
12:00 of 3rd period - Dave Bolland wins face-off versus Matt Stajan in Bruins zone.
12:11 of 3rd period - Wrist shot by Victor Oreskovich.
12:11 of 3rd period - Stopped by Michal Neuvirth without a rebound.
12:12 of 3rd period - Matt Stajan wins face-off versus Dave Bolland in Canucks zone.
12:25 of 3rd period - Slapshot by Chris Higgins.
12:25 of 3rd period - Stopped by Kevin Poulin without a rebound.
12:26 of 3rd period - Dave Bolland wins face-off versus Chris Higgins in Bruins zone.
12:35 of 3rd period - Snap shot by Viktor Stalberg.
12:35 of 3rd period - Stopped by Michal Neuvirth with a rebound.
12:40 of 3rd period - Icing by Matt Stajan.
12:41 of 3rd period - Jiri Hudler wins face-off versus Mike Fisher in Canucks zone.
13:10 of 3rd period - Slapshot by Chris Higgins.
13:10 of 3rd period - Shot Misses the Net.
13:12 of 3rd period - Wrist shot by Maxim Lapierre.
13:12 of 3rd period - Shot Misses the Net.
13:14 of 3rd period - Slapshot by Maxim Lapierre.
13:14 of 3rd period - Goal by Maxim Lapierre - Canucks : 4 - Bruins : 1.
13:15 of 3rd period - Henrik Sedin wins face-off versus Mike Ribeiro in neutral zone.
13:26 of 3rd period - Snap shot by Brad Boyes.
13:26 of 3rd period - Goal by Brad Boyes - Canucks : 5 - Bruins : 1.
13:27 of 3rd period - Mike Ribeiro wins face-off versus Henrik Sedin in neutral zone.
13:36 of 3rd period - Snap shot by Clarke MacArthur.
13:36 of 3rd period - Stopped by Kevin Poulin without a rebound.
13:37 of 3rd period - Mike Ribeiro wins face-off versus Henrik Sedin in Bruins zone.
13:38 of 3rd period - Snap shot by Brad Boyes.
13:38 of 3rd period - Stopped by Kevin Poulin without a rebound.
13:39 of 3rd period - Mike Ribeiro wins face-off versus Henrik Sedin in Bruins zone.
13:48 of 3rd period - Snap shot by Henrik Sedin.
13:48 of 3rd period - Shot Misses the Net.
13:50 of 3rd period - Snap shot by Jason Demers.
13:50 of 3rd period - Shot Misses the Net.
13:52 of 3rd period - Snap shot by Shane O'Brien.
13:52 of 3rd period - Stopped by Michal Neuvirth without a rebound.
13:53 of 3rd period - Mike Ribeiro wins face-off versus Henrik Sedin in Canucks zone.
13:59 of 3rd period - Off-side.
14:00 of 3rd period - Henrik Sedin wins face-off versus Mike Ribeiro in neutral zone.
14:02 of 3rd period - Minor Penalty to Nathan Horton for Boarding.
14:03 of 3rd period - Mike Ribeiro wins face-off versus Henrik Sedin in Bruins zone.
14:07 of 3rd period - Snap shot by Mike Ribeiro.
14:07 of 3rd period - Shot Misses the Net.
14:17 of 3rd period - Slapshot by Brad Boyes.
14:17 of 3rd period - Shot Misses the Net.
14:19 of 3rd period - Snap shot by Clarke MacArthur.
14:19 of 3rd period - Stopped by Kevin Poulin with a rebound.
15:11 of 3rd period - Slapshot by Alex Goligoski.
15:11 of 3rd period - Deflect By Shane O'Brien.
15:11 of 3rd period - Stopped by Kevin Poulin with a rebound.
15:21 of 3rd period - Snap shot by Martins Karsums.
15:21 of 3rd period - Goal by Martins Karsums - Canucks : 6 - Bruins : 1.
15:22 of 3rd period - Victor Oreskovich wins face-off versus Mike Ribeiro in neutral zone.
15:27 of 3rd period - Wrist shot by Dave Bolland.
15:27 of 3rd period - Stopped by Michal Neuvirth with a rebound.
15:29 of 3rd period - Wrist shot by Viktor Stalberg.
15:29 of 3rd period - Stopped by Michal Neuvirth without a rebound.
15:30 of 3rd period - Dave Bolland wins face-off versus Mike Ribeiro in Canucks zone.
15:40 of 3rd period - Minor Penalty to Brad Boyes for Goalie Interference.
15:41 of 3rd period - Chris Higgins wins face-off versus Henrik Sedin in Canucks zone.
15:41 of 3rd period - Chris Higgins is hit by Nathan Horton.
16:18 of 3rd period - Slapshot by Jason Demers.
16:18 of 3rd period - Shot Misses the Net.
16:20 of 3rd period - Snap shot by Viktor Stalberg.
16:20 of 3rd period - Stopped by Michal Neuvirth without a rebound.
16:21 of 3rd period - Darren Helm wins face-off versus Dave Bolland in Canucks zone.
17:05 of 3rd period - Wrist shot by Andrew Alberts.
17:05 of 3rd period - Stopped by Michal Neuvirth without a rebound.
17:06 of 3rd period - Mike Ribeiro wins face-off versus Henrik Sedin in Canucks zone.
17:40 of 3rd period - Penalty to Brad Boyes is over, Brad Boyes is back on ice.
18:07 of 3rd period - Peter Prucha is hit by Nick Foligno and loses puck.
18:12 of 3rd period - Snap shot by Zack Hamill.
18:12 of 3rd period - Shot Blocked by Alex Goligoski.
18:14 of 3rd period - Slapshot by Nikolai Zherdev.
18:14 of 3rd period - Stopped by Michal Neuvirth without a rebound.
18:15 of 3rd period - Victor Oreskovich wins face-off versus Maxim Lapierre in Canucks zone.
18:46 of 3rd period - Snap shot by Chris Higgins.
18:46 of 3rd period - Stopped by Kevin Poulin without a rebound.
18:47 of 3rd period - Matt Stajan wins face-off versus Nathan Horton in Bruins zone.
18:48 of 3rd period - Snap shot by Chris Higgins.
18:48 of 3rd period - Shot Misses the Net.
19:12 of 3rd period - Ben Lovejoy is hit by Nathan Horton and loses puck.
19:33 of 3rd period - Wrist shot by Jiri Hudler.
19:33 of 3rd period - Shot Misses the Net.
19:39 of 3rd period - Ben Lovejoy is hit by Nathan Horton and loses puck.
19:46 of 3rd period - Snap shot by Wojtek Wolski.
19:46 of 3rd period - Stopped by Michal Neuvirth with a rebound.
19:50 of 3rd period - Wrist shot by Nathan Horton.
19:50 of 3rd period - Shot Misses the Net.
19:52 of 3rd period - Slapshot by Henrik Sedin.
19:52 of 3rd period - Goal by Henrik Sedin - Canucks : 6 - Bruins : 2.
19:53 of 3rd period - Dave Bolland wins face-off versus Mike Ribeiro in neutral zone.
Goals for this period are 3 for Canucks vs 1 for Bruins.
Shots for this period are 12 for Canucks vs 16 for Bruins.
Back to the Top